 Dungeon Crawl Stone Soup version 0.29-a0-993-g4a18f31a58 (webtiles) character file.

Game seed: 5509084600700969917

2 vurker the Shooter (level 1, 0/16 HPs)
             Began as a Formicid Hunter on Aug 2, 2022.
             Slain by a jackal (2 damage)
             ... on level 1 of the Dungeon.
             The game lasted 00:00:18 (32 turns).

vurker the Shooter (Formicid Hunter)                  Turns: 32, Time: 00:00:19

Health: 0/16       AC:  3    Str: 15    XL:     1   Next: 33%
Magic:  1/1        EV: 12    Int:  8    God:
Gold:   0          SH:  0    Dex: 17    Spells: 0/0 levels left

rFire   . . .      SeeInvis +   a - +0 shortbow
rCold   . . .      Faith    .   (no shield)
rNeg    . . .      Spirit   .   c - +0 leather armour
rPois   .          Reflect  .   (helmet unavailable)
rElec   .          Harm     .   (no cloak)
rCorr   .          Rampage  .   (no gloves)
Will    .....                   (no boots)
Stlth   ++........              (no amulet)
HPRegen 0.05/turn               (no ring)
MPRegen 0.07/turn               (no ring)

@: no status effects
A: permanent stasis, dig shafts and tunnels, antennae 3, four strong arms
a: Dig, Shaft Self


You were on level 1 of the Dungeon.
You visited 1 branch of the dungeon, and saw 1 of its levels.

Inventory:

Hand Weapons
 a - a +0 shortbow (weapon)
Armour
 c - a +0 leather armour (worn)
Scrolls
 b - a scroll of immolation


   Skills:
 + Level 2.2 Fighting
 * Level 4.0 Ranged Weapons
 - Level 1.7 Dodging
 - Level 1.2 Stealth


You couldn't memorise any spells.
You didn't know any spells.
Your spell library was empty.

Dungeon Overview and Level Annotations

Branches:
Dungeon (1/15)

Altars:


Innate Abilities, Weirdness & Mutations

You cannot be hasted, slowed, berserked, paralysed or teleported.
You can dig through walls and to a lower floor.
You have a pair of large antennae on your head. (SInv)
Your four strong arms can wield two-handed weapons with a shield.


Message History

You kill the bat!
The jackal misses you. The jackal bites you.
A jackal comes into view.
The jackal misses you. The jackal bites you.
You shoot an arrow. The jackal barks!
The arrow hits the jackal.
The jackal bites you but does no damage. x2
The jackal attacks as you move away! The jackal misses you.
The jackal closely misses you. The jackal misses you.
The jackal attacks as you move away! The jackal misses you.
The jackal attacks as you move away! The jackal bites you.
A jackal comes into view.
The jackal attacks as you move away! The jackal bites you.
* * * LOW HITPOINT WARNING * * *
The jackal bites you.
* * * LOW HITPOINT WARNING * * *
You are too injured to fight recklessly!
Unknown command.
Non-targeted abil: Dig You extend your mandibles.
You are now empty-handed.
The jackal bites you.
* * * LOW HITPOINT WARNING * * *
Non-targeted abil: Dig Look: a jackal
Okay, then.
a - a +0 shortbow (weapon)
The jackal bites you.
* * * LOW HITPOINT WARNING * * *
Fire: a) +0 shortbow
Aim: a jackal (56% to hit)
You shoot an arrow. The arrow hits the jackal!
You kill the jackal!
You are too injured to fight recklessly!
Fire: a) +0 shortbow
Aim: a jackal (heavily wounded, 56% to hit)
You shoot an arrow. The arrow closely misses the jackal. x2
The jackal bites you.
* * * LOW HITPOINT WARNING * * *
The jackal misses you.
Fire: a) +0 shortbow
Aim: a jackal (heavily wounded, 56% to hit)
You shoot an arrow. The arrow hits the jackal.
The jackal barely misses you. The jackal closely misses you.
Fire: a) +0 shortbow
Aim: a jackal (severely wounded, 56% to hit)
You shoot an arrow. The arrow closely misses the jackal.
The arrow hits the jackal.
The jackal bites you.
You die...

h# #
#########{#.#.#.
....)....†......
#............:..
#.#####.#####$..
## #...#.# ..
#...hh# #.
#...#h#
#..#####@##+##..
#...............
#..##'##.#####..
#...#.# #.<.#.+
#...#.# #####.#
... ...


You could see 3 jackals.

Vanquished Creatures
  A jackal (D:1)
  A bat (D:1)
2 creatures vanquished.

Notes
Turn   | Place    | Note
-------+----------+-------------------------------------------
     0 | D:1      | vurker the Formicid Hunter began the quest for the Orb.
     0 | D:1      | Reached XP level 1. HP: 16/16 MP: 1/1
    32 | D:1      | Slain by a jackal

Illustrated notes

Levels and vault maps discovered:
D:1:      minmay_arrival_four_houses, layout_basic, serial_co_window_serial,
          co_window_corner_a, co_window_paths_b, co_window_of_opportunity_a,
          co_window_of_opportunity_a, co_window_corner_a,
          co_window_of_opportunity_b, co_window_2corner, co_window_2corner,
          co_window_of_opportunity_c, co_window_corner_b, co_window_broadway_b,
          co_window_2corner, co_window_4corner_a, glass_columns_a,
          glass_columns_a, glass_columns_a,
          hellmonk_ecumenical_altar_leap_of_faith

Action                   || total
-------------------------++-------
 Fire: Shortbow          ||    11
 Abil: Dig               ||     1
Armor: Leather armour    ||     3
Dodge: Dodged            ||    17

Table legend: (Time is in decaauts)
 A = Elapsed time spent in this place.
 B = Non-inter-level travel time spent in this place.
 C = Inter-level travel time spent in this place.
 D = Time resting spent in this place.
 E = Time spent auto-exploring this place.
 F = Levels seen in this place.
 G = Mean time per level.
                   A        B        C        D        E       F      G
               +--------+--------+--------+--------+--------+-----+--------+
         Total |     34 |     34 |      0 |      0 |     12 |   1 |   34.0 |
       Dungeon |     34 |     34 |      0 |      0 |     12 |   1 |   34.0 |
               +--------+--------+--------+--------+--------+-----+--------+

Top non-repeatable levels by time:
     D:1: 34 daAuts
